 Dungeon Sprint DCSS version 0.21.2 (webtiles) character file.

289 Fang the Fighter (level 6, -2/45 HPs)
             Began as a Gargoyle Berserker on Sept 20, 2018.
             Was a High Priest of Trog.
             Killed from afar by a deep elf mage (3 damage)
             ... with a sticky flame
             ... in the Dungeon (Sprint VII: "The Pits").
             The game lasted 00:01:24 (572 turns).

Fang the Fighter (Gargoyle Berserker)                Turns: 572, Time: 00:01:25

Health: -2/45      AC:  6    Str: 22    XL:     6   Next: 31%
Magic:  6/6        EV: 13    Int:  7    God:    Trog [*****.]
Gold:   0          SH:  0    Dex: 10    Spells: 5/5 levels left

rFire    . . .     SeeInvis .   m - +2 hand axe (freeze)
rCold    . . .     Gourm    .   (no shield)
rNeg     + . .     Faith    .   b - +0 animal skin
rPois    ∞         Spirit   .   (no helmet)
rElec    +         Reflect  .   (no cloak)
rCorr    .         Harm     .   (no gloves)
MR       .....     NoTele   +   (no boots)
Stlth    +.........             (no amulet)
HPRegen  0.15/turn              (no ring)
MPRegen  0.10/turn              (no ring)

@: liquid flames, berserk cooldown, slowed, glowing, very slow
A: negative energy resistance 1, electricity resistance, unbreathing,
petrification resistance, rot immunity, AC +4
a: Berserk, Trog's Hand, Brothers in Arms, Burn Spellbooks, Renounce Religion


You were in the Dungeon.
You worshipped Trog.
Trog was extremely pleased with you.
You were near starving.

You visited 1 branch

Inventory:

Hand Weapons
 j - a +2 hand axe
 m - a +2 hand axe of freezing (weapon)
Armour
 b - a +0 animal skin (worn)
Scrolls
 i - a scroll of blinking
 k - 3 scrolls of remove curse
 l - a scroll of summoning
Potions
 a - 2 potions of invisibility
 d - 6 potions of curing
 e - 6 potions of heal wounds
 f - a potion of haste
 g - 4 potions of magic
 h - 3 potions of berserk rage
Comestibles
 c - 9 rations


   Skills:
 + Level 8.7 Fighting
 + Level 7.6 Axes
 + Level 4.7 Armour
 + Level 4.4 Dodging
 + Level 3.1 Stealth


You had 5 spell levels left.
You didn't know any spells.

Dungeon Overview and Level Annotations

Branches:
Dungeon (1/1)

Altars:
Cheibriados
Dithmenos
Elyvilon
Fedhas
Gozag
Hepliaklqana
Makhleb
Nemelex Xobeh
Okawaru
Qazlal
Ru
Sif Muna
Trog
Vehumet
Wu Jian
Xom
Yredelemnul
Zin
The Shining One
Beogh
Jiyva
Lugonu


Innate Abilities, Weirdness & Mutations

You are resistant to torment.
Your stone body is resilient. (AC +4)
You are immune to poison.
You resist negative energy. (rN+)
You are resistant to electric shocks. (rElec)
You can survive without breathing.
You are immune to petrification.
You are immune to rotting.


Message History

You hit the orc priest. You freeze the orc priest.
You kill the orc priest!
Trog accepts your kill.
Unknown command.
You closely miss the deep elf mage. The deep elf mage barely misses you.
Unknown command.
You slash the deep elf mage! You freeze the deep elf mage.
The deep elf mage is moderately wounded.
The deep elf mage gestures at you while chanting.
The bolt of fire hits you!
* * * LOW HITPOINT WARNING * * *
The deep elf mage hits you but does no damage.
An iguana comes into view.
The iguana hisses angrily.
You closely miss the deep elf mage.
The deep elf mage is moderately wounded.
The deep elf mage points at you and mumbles some strange words.
The sticky flame hits you!
You are covered in liquid flames!
You die...

#...........'.....
#'#####'#####.....
#.#[[#.....##.....
#.#))#####÷#####'#
#.#).#.....##.....
#.#))#...÷.##.....
#.#..###'####.....
#)##'#.))..##...<.
#@#........##.....
#e#........##.....
#o###########.....
#l...o..# ######
#....o..#
#...#o..# #..##
..# #... .# #... #


You could see a deep elf mage, an iguana and an orc.

Vanquished Creatures
  A warg (D)
  A sky beast (D)
  A quasit (D)
  An orc wizard (D)
  An orc priest (D)
  A gnoll (D)
  A river rat (D)
  An ufetubus (D)
  2 oozes (D)
  A worm (D)
  2 orcs (D)
  A bat skeleton (D)
  A goblin (D)
  2 jackals (D)
17 creatures vanquished.

Notes
Turn   | Place    | Note
-------+----------+-------------------------------------------
     0 | D        | Fang the Gargoyle Berserker began the quest for the Orb.
     0 | D        | Reached XP level 1. HP: 14/14 MP: 1/1
    16 | D        | Reached skill level 4 in Fighting
    21 | D        | Found a bloodstained altar of Trog.
    21 | D        | Found a deep blue altar of Sif Muna.
    21 | D        | Found a viscous altar of Jiyva.
    21 | D        | Found a hazy altar of Hepliaklqana.
    21 | D        | Found an opulent altar of Gozag.
    22 | D        | Found a glowing golden altar of the Shining One.
    22 | D        | Found a glowing silver altar of Zin.
    22 | D        | Found a basalt altar of Yredelemnul.
    22 | D        | Found a shimmering altar of Xom.
    22 | D        | Found an ornate altar of the Wu Jian Council.
    22 | D        | Found a sacrificial altar of Ru.
    22 | D        | Found a stormy altar of Qazlal.
    22 | D        | Found an iron altar of Okawaru.
    22 | D        | Found a sparkling altar of Nemelex Xobeh.
    22 | D        | Found a burning altar of Makhleb.
    22 | D        | Found a blossoming altar of Fedhas.
    22 | D        | Found a white marble altar of Elyvilon.
    22 | D        | Found a shadowy altar of Dithmenos.
    22 | D        | Found a snail-covered altar of Cheibriados.
    25 | D        | Found a corrupted altar of Lugonu.
    25 | D        | Found a radiant altar of Vehumet.
    25 | D        | Found a roughly hewn altar of Beogh.
   237 | D        | Reached XP level 2. HP: 20/20 MP: 2/2
   240 | D        | Reached ** piety under Trog
   317 | D        | Reached skill level 5 in Fighting
   317 | D        | Reached XP level 3. HP: 19/26 MP: 3/3
   407 | D        | Reached *** piety under Trog
   407 | D        | Reached skill level 1 in Stealth
   534 | D        | Noticed a warg
   535 | D        | Noticed a sky beast
   541 | D        | Reached **** piety under Trog
   545 | D        | Reached skill level 6 in Fighting
   545 | D        | Reached skill level 5 in Axes
   545 | D        | Reached XP level 4. HP: 32/32 MP: 4/4
   547 | D        | Killed a warg
   547 | D        | Reached skill level 7 in Fighting
   547 | D        | Reached XP level 5. HP: 39/39 MP: 5/5
   552 | D        | Noticed a deep elf mage
   560 | D        | Killed a sky beast
   560 | D        | Reached skill level 8 in Fighting
   560 | D        | Reached XP level 6. HP: 44/44 MP: 6/6
   566 | D        | Reached ***** piety under Trog
   571 | D        | HP: 1/45 [deep elf mage/bolt of fire (17)]
   572 | D        | Killed from afar by a deep elf mage

Skill      XL: |  1  2  3  4  5  6 |
---------------+-------------------+-----
Fighting       | 4 5 6 7 8 |  8.7
Axes           | 3 4 5 6 7 |  7.6
Dodging        | 2 3 4 |  4.4
Armour         | 3 4 |  4.7
Stealth        | 1 2 3 |  3.1

Action                   |  1- 3 |  4- 6 || total
-------------------------+-------+-------++-------
Melee: Hand axe          |    29 |    25 ||    54
Invok: Berserk           |     3 |       ||     3
Armor: Animal skin       |    12 |     4 ||    16
Dodge: Dodged            |    28 |     9 ||    37
